[Event "*** Titled Tuesday Blitz"]
[Site "Chess.com"]
[Date "2021.04.06"]
[Round "2"]
[White "VladimirBugayev"]
[Black "nss13"]
[Result "1-0"]
[WhiteElo "2270"]
[BlackElo "2527"]
[TimeControl "180+1"]
[EndTime "10:19:10 PDT"]
[Termination "VladimirBugayev won on time"]

1. e4 c5 2. Nc3 Nc6 3. Bb5 Nd4 4.
Nf3 Nxb5 5. Nxb5 a6 6. Nc3 e6 7. d4 cxd4 8. Qxd4 d6 9. Bg5 Nf6 10. O-O-O Be7 11. Bh4 Bd7 12. Bg3 Bc6 13. Rhe1 e5 14.
Qb4 Qc7 15. Nd5 Bxd5 16. exd5 Rc8 17. Re2 O-O 18. Nh4 g6 19. f4 e4 20. Bf2 Ng4 21. g3 Bxh4 22. Bb6 Qc4 23. Qxc4 Rxc4 24. gxh4 f5 25. b3 Rcc8 26. c4 Nf6 27. Kd2 Nd7 28. Bd4 h5 29. Rg1 Kf7 30. Reg2 Rg8 31. Ke3 Nc5 32.
Bxc5 Rxc5 33. Kd4 b5 34. Rc1 Rgc8 35. Rcg1 Rg8 36. Rc1 bxc4 37. Rxc4 Rxc4+ 38. bxc4 Rb8 39. a3 Rb1 40. Rd2 Rc1 41. Rb2 Rd1+ 42. Kc3 Rd3+ 43. Kb4 Rf3 44. c5 dxc5+ 45. Kxc5 Rxf4 46. Rb7+ Kf6 47. Rb6+ Kf7 48. Rb7+ Kg8 49. d6 Rf1 50. d7 1-0

[Event "*** Titled Tuesday Blitz"]
[Site "Chess.com"]
[Date "2021.04.06"]
[Round "2"]
[White "ural58"]
[Black "Vugar_Manafov"]
[Result "0-1"]
[WhiteElo "2481"]
[BlackElo "2689"]
[TimeControl "180+1"]
[EndTime "10:19:11 PDT"]
[Termination "Vugar_Manafov won on time"]

1. e4 Nf6 2. e5 Nd5 3. Nc3 Nxc3 4. dxc3 g6 5. h4 Bg7 6. Bf4 Nc6 7. Qe2 d6 8. exd6 cxd6 9. O-O-O Be6 10. Qb5 Qc7 11.
h5 a6 12. Qa4 Qa5 13. Qxa5 Nxa5 14. a3 Nc4 15. Nf3 b5 16. Nd4 Bd7 17. Bxc4 bxc4 18. Rhe1 Kd8 19. Bg5 Re8 20. f3 f6 21.
Bd2 e5 22. Ne2 Kc7 23. Ng3 Be6 24. Be3 d5 25. b4 a5 26. b5 a4 27. f4 Bf8 28. b6+ Kc6 29. Kb2 Bd6 30. fxe5 fxe5 31. hxg6 hxg6 32. Rh1 Ra5 33. Rdf1 Rb5+ 34. Ka2 d4 35.
cxd4 c3+ 36. Ka1 Bxa3 37. Rf6 Bb2+ 38. Kb1 a3 39. Rxe6+ Rxe6 40. Ka2 exd4 41. Bxd4 Kd5 42. Rd1 Kc4 43. Bg1 Rd5 44. Rf1 Rd7 45. Rf4+ Kb5 46.
Ne4 Rd1 0-1

[Event "*** Titled Tuesday Blitz"]
[Site "Chess.com"]
[Date "2021.04.06"]
[Round "2"]
[White "campomania3"]
[Black "WPWPWP-2015"]
[Result "1-0"]
[WhiteElo "2243"]
[BlackElo "2434"]
[TimeControl "180+1"]
[EndTime "10:19:11 PDT"]
[Termination "campomania3 won by checkmate"]

1. d4 Nf6 2. c4 g6 3. Nc3 Bg7 4. Nf3 d5 5. Bg5 c6 6. e3 O-O 7. Rc1 Bf5 8. h3 Nbd7 9. Be2 h6 10. Bf4 g5 11. Bh2 e6 12. O-O Ne4 13. Qb3 Qb6 14. c5 Qxb3 15. axb3 Nxc3 16. bxc3 f6 17. b4 a6 18. Ra1 e5 19. Ra2 e4 20. Nd2 Be6 21. Rfa1 Rac8 22. Nb3 f5 23. Na5 Rb8 24. Bxb8 Rxb8 25.
Nxc6 bxc6 26. Rxa6 Rc8 27. b5 Nb8 28. Rb6 Bf6 29. Ra8 Kf7 30. Raxb8 cxb5 31. Rxc8 Bxc8 32. Bxb5 f4 33. Rb8 Bf5 34. c6 fxe3 35. fxe3 Be7 36. c7 Bd6 37. c8=Q Bxc8 38. Rxc8 Bg3 39. Rc6 h5 40.
Ra6 Ke7 41. Ba4 h4 42. Bb3 Be1 43. Bxd5 Bxc3 44. Bxe4 Be1 45. Bf3 Bd2 46. Kf2 Bc3 47.
Ke2 Bb4 48. Kd3 Bd6 49. Bg4 Bg3 50. e4 Kf7 51. e5 Ke7 52. Ke4 Kf7 53. d5 Bf4 54.
Kf5 Kg7 55. d6 Kf7 56. Bh5+ Kg7 57. d7 Bxe5 58. Kxe5 g4 59. d8=Q gxh3 60. Qd7+ Kh8 61. Ra8# 1-0

[Event "*** Titled Tuesday Blitz"]
[Site "Chess.com"]
[Date "2021.04.06"]
[Round "2"]
[White "Love_craft"]
[Black "Darius321"]
[Result "0-1"]
[WhiteElo "2595"]
[BlackElo "2278"]
[TimeControl "180+1"]
[EndTime "10:19:12 PDT"]
[Termination "Darius321 won by checkmate"]

1. d4 d5 2. c4 e6 3. Nc3 c5 4. cxd5 cxd4 5. Qa4+ Nd7 6. Qxd4 exd5 7. Nf3 Ngf6 8. Bf4 Bc5 9. Qd2 Ne4 10. Nxe4 dxe4 11. Nd4 Qb6 12. O-O-O O-O 13. e3 Nf6 14. Nb3 Be6 15. Nxc5 Qxc5+ 16. Qc3 Qb6 17. Kb1 Rac8 18. Qa3 Nd5 19. Qd6 Nc3+ 20. Ka1 Rfd8 21. bxc3 Rxd6 22.
Rxd6 Qa5 23. c4 Qe1+ 24. Kb2 Qxf2+ 25. Kc3 Qe1+ 26. Kb2 g5 27. Be5 Qb4+ 28. Ka1 Qe1+ 29. Kb2 Qf2+ 30. Kb3 Qxe3+ 31. Kb4 Qe1+ 32. Kb3 a5 33. a4 Qb4+ 34. Kc2 Qxa4+ 35. Kd2 Qb4+ 36. Ke3 Bxc4 37. Kxe4 Bb3+ 38. Ke3 Qc5+ 39. Ke4 Bc2+ 40. Kf3 Qxe5 41. Rd2 Qf4+ 42. Ke2 Be4 43. Rd3 Re8 44. Re3 Bd3+ 45. Kxd3 Qxe3+ 46. Kc4 Rc8+ 47. Kb5 Qe5+ 48.
Kb6 Qd6+ 49. Kxb7 Qc6+ 50. Ka7 Ra8# 0-1

[Event "*** Titled Tuesday Blitz"]
[Site "Chess.com"]
[Date "2021.04.06"]
[Round "2"]
[White "PlotnikovPavel"]
[Black "CalinGheorghiu"]
[Result "0-1"]
[WhiteElo "2497"]
[BlackElo "2298"]
[TimeControl "180+1"]
[EndTime "10:19:12 PDT"]
[Termination "CalinGheorghiu won on time"]

1. e4 c5 2. c3 Nf6 3. e5 Nd5 4. d4 cxd4 5. Qxd4 e6 6. Bd3 Nc6 7. Qe4 f5 8. Qe2 Be7 9. Nf3 O-O 10. O-O b6 11. Rd1 Bb7 12. Bc4 Nc7 13. b4 b5 14.
Bb3 a5 15. bxa5 Nxa5 16. Nbd2 Nxb3 17. Nxb3 Nd5 18. Bd2 Qb6 19. Nbd4 Bc6 20. Rdb1 Nc7 21. c4 b4 22. a3 Bc5 23. Nxc6 dxc6 24. axb4 Rxa1 25.
Rxa1 Bxb4 26. Rb1 c5 27. Qe3 Na6 28. Bc1 Rd8 29. h4 Nb8 30. h5 Nc6 31. h6 g6 32. Qg5 Qc7 33. Bf4 Qe7 34. Qg3 Qd7 35. Bg5 Rf8 36. Bf6 Qd3 37. Ra1 Qxc4 38. Nh4 Qg4 39.
Qxg4 fxg4 40. f3 Bc3 41. Re1 Bxe1 42. fxg4 Bxh4 43. Bxh4 Nxe5 44. Be7 Nxg4 45. Bxc5 Rf5 46. Ba7 Nxh6 47. Kh2 Nf7 0-1

[Event "*** Titled Tuesday Blitz"]
[Site "Chess.com"]
[Date "2021.04.06"]
[Round "2"]
[White "VladaSviridova"]
[Black "Galileo22"]
[Result "0-1"]
[WhiteElo "2226"]
[BlackElo "2447"]
[TimeControl "180+1"]
[EndTime "10:19:12 PDT"]
[Termination "Galileo22 won by resignation"]

1. d4 Nf6 2. c4 g6 3. Nc3 Bg7 4. e4 d6 5. Nf3 O-O 6. Be2 e5 7. O-O Nbd7 8. Be3 Ng4 9. Bg5 f6 10.
Bh4 Nh6 11. dxe5 dxe5 12. h3 Kh8 13. b4 Nf7 14. Nd2 Nb8 15. Nb3 Nc6 16. f3 Nxb4 17. Bf2 b6 18. a3 Nc6 19. Qxd8 Nfxd8 20. Nd5 Ne6 21. c5 Ncd8 22. cxb6 axb6 23. Rfc1 Rf7 24. a4 Ba6 25. Bxa6 Rxa6 26. Nb4 Ra8 27. Rd1 Bf8 28. Nd5 Bd6 29. Nxb6 Rb8 30. a5 Bf8 31. g3 cxb6 32.
axb6 Nc6 33. Na5 Nxa5 34. Rxa5 Rfb7 35. Ra6 Bc5 36. Rd5 Bxf2+ 37. Kxf2 Rxb6 38. Rxb6 Rxb6 39. Ra5 Rb7 40. Ke3 Kg7 41. f4 exf4+ 42. gxf4 Rb3+ 43.
Kf2 Nxf4 44. Ra7+ Kh6 45. h4 Ne6 46. Ra6 Nc5 47. Rc6 Nxe4+ 48. Kg2 f5 49. Kh2 Kh5 50. Rc7 Kxh4 51. Rxh7+ Kg4 52. Rg7 g5 0-1

[Event "*** Titled Tuesday Blitz"]
[Site "Chess.com"]
[Date "2021.04.06"]
[Round "2"]
[White "Bodnar_Mykola"]
[Black "INDIAN-ELEPHANT"]
[Result "0-1"]
[WhiteElo "2486"]
[BlackElo "2703"]
[TimeControl "180+1"]
[EndTime "10:19:13 PDT"]
[Termination "INDIAN-ELEPHANT won by checkmate"]

1. d4 Nf6 2. c4 e6 3. Nf3 b6 4. g3 Ba6 5. b3 Bb4+ 6. Bd2 Be7 7.
Bg2 d5 8. O-O O-O 9. Bc3 c6 10.
Nbd2 Nbd7 11. Re1 b5 12. c5 Ne4 13. Nxe4 dxe4 14. Nd2 f5 15. f3 e3 16. Nf1 f4 17. gxf4 Rxf4 18. Nxe3 Nxc5 19. dxc5 Bxc5 20. Qxd8+ Rxd8 21. Kf2 b4 22. Be5 Rf5 23. f4 g5 24.
Bh3 Rxe5 25. fxe5 Rf8+ 26. Kg3 Bxe3 27. Bxe6+ Kg7 28. Rf1 Bf4+ 29. Kg2 Re8 30. Bg4 Rxe5 31. Bf3 Bxe2 32. Bxe2 Rxe2+ 33. Rf2 Rxf2+ 34. Kxf2 Bxh2 35. Rc1 Be5 36. Rxc6 h5 37. Kf3 Bd4 38. Ke4 Bb6 39. Kf5 g4 40. Kg5 g3 41. Kxh5 Kf7 42. Rc2 Bf2 43.
Kg4 Ke6 44. Kf3 Kd5 45. Rc4 a5 46. Rg4 Kc5 47. Rg5+ Kb6 48. Ke4 Ka6 49. Kd3 Kb6 50. Kc4 Kc6 51. Rg6+ Kd7 52. Kb5 Ke7 53. Kxa5 Kf7 54.
Rg4 Kf6 55. Kxb4 Kf5 56. Rg8 Kf4 57. a4 Kf3 58. Ka5 g2 59. b4 Bg3 60. Rf8+ Ke2 61.
Re8+ Kd3 62. Rd8+ Kc2 63. Rc8+ Kb2 64. b5 g1=Q 65. b6 Bf2 66. b7 Qg5+ 67. Kb4 Qf4+ 68. Kb5 Qe5+ 69. Kc6 Qe4+ 70. Kc7 Bg3+ 71. Kb6 Qb4+ 72.
Kc6 Qxa4+ 73. Kb6 Qb4+ 74. Ka7 Qa5# 0-1

[Event "*** Titled Tuesday Blitz"]
[Site "Chess.com"]
[Date "2021.04.06"]
[Round "2"]
[White "kekic76"]
[Black "Evgeny81"]
[Result "0-1"]
[WhiteElo "2349"]
[BlackElo "2770"]
[TimeControl "180+1"]
[EndTime "10:19:13 PDT"]
[Termination "Evgeny81 won on time"]

1. e4 c5 2. Nf3 e6 3. d4 cxd4 4. Nxd4 a6 5. c4 Nf6 6. Bd3 Nc6 7. Nxc6 dxc6 8. O-O e5 9. Be3 Be7 10. Nc3 Ng4 11. Bc1 Bg5 12. c5 O-O 13. Na4 Bxc1 14. Rxc1 Be6 15. Bc4 Qh4 16. h3 Rad8 17. Qe2 Bxc4 18. Rxc4 Nf6 19. b4 h6 20. Nb6 Nh5 21. Qg4 Qxg4 22. hxg4 Nf4 23. g3 Ne6 24. Kg2 Rd2 25. a4 Rfd8 26. Rcc1 R8d4 27. Nc4 Ra2 28. Nxe5 Rxe4 29. Rfe1 Rxb4 30. Rcd1 Rbb2 31. Nd3 Rd2 32. Rxd2 Rxd2 33. Nf4 Nxc5 34. Re8+ Kh7 35. Re7 Rd7 36. Re8 Nxa4 37. Nh5 Nc5 38. f4 a5 39. Ra8 a4 40.
f5 b5 41. f6 g6 42. Nf4 b4 43. g5 hxg5 44. Nh3 Rd5 45. Rf8 g4 46. Rxf7+ Kh6 47. Nf4 Rf5 48. Rf8 Kh7 49. f7 Nd7 0-1

[Event "*** Titled Tuesday Blitz"]
[Site "Chess.com"]
[Date "2021.04.06"]
[Round "2"]
[White "Cryptochess"]
[Black "Beca95"]
[Result "0-1"]
[WhiteElo "2560"]
[BlackElo "2919"]
[TimeControl "180+1"]
[EndTime "10:19:14 PDT"]
[Termination "Beca95 won by resignation"]

1. e4 e5 2. Nf3 Nc6 3. Bc4 Nf6 4. d3 h6 5. O-O d6 6. c3 g5 7. Re1 g4 8. Nfd2 h5 9. Nf1 h4 10. d4 Bd7 11. b4 a6 12. Qb3 Qe7 13. Ne3 exd4 14.
cxd4 g3 15. e5 gxf2+ 16. Kxf2 Ne4+ 17. Kg1 Nxd4 18. Qd3 dxe5 19. Qxe4 O-O-O 20. Nd5 Qd6 21. Bb2 Rg8 22. Nd2 Be6 23. Ne3 f5 24. Bxe6+ Qxe6 25. Qxh4 f4 26. Nec4 Bxb4 27. Rxe5 Qc6 28. Qh3+ Kb8 29.
Rae1 f3 30. Bxd4 Rxg2+ 31. Kh1 Rxd2 32. Nxd2 f2+ 33. Qg2 fxe1=Q+ 34. Rxe1 Qxg2+ 35. Kxg2 Rxd4 36. Re8+ Ka7 37. Nf3 Rd5 38. h4 Ra5 39. Re2 Bc3 40.
Kg3 c5 41. Kg4 c4 42. h5 Bg7 43. Rh2 c3 44. h6 Bh8 45. h7 Rc5 46. Rc2 Rc7 47. Ng5 b5 48. Kf5 b4 49. Kg6 a5 50.
Nf7 Bd4 51. h8=Q Bxh8 52. Nxh8 a4 53. Nf7 b3 54. axb3 axb3 55. Rc1 b2 56. Rb1 c2 57. Rxb2 c1=Q 58. Ra2+ Kb8 59. Rf2 Rc6+ 60. Kg7 Qg1+ 0-1

[Event "*** Titled Tuesday Blitz"]
[Site "Chess.com"]
[Date "2021.04.06"]
[Round "2"]
[White "Tekushka"]
[Black "laskerisalive"]
[Result "0-1"]
[WhiteElo "2412"]
[BlackElo "2523"]
[TimeControl "180+1"]
[EndTime "10:19:14 PDT"]
[Termination "laskerisalive won by resignation"]

1. e4 e5 2. Nf3 Nc6 3. Bc4 Bc5 4. c3 d6 5. d4 exd4 6. cxd4 Bb6 7. h3 Nf6 8. Nc3 O-O 9. O-O Nxe4 10. Nxe4 d5 11.
Bg5 f6 12. Bxf6 gxf6 13. Bb3 Kh8 14. Nc3 Ne7 15. Re1 c6 16. Na4 Rg8 17. Kh1 Bc7 18. Nc5 Qd6 19. Qe2 Ng6 20. Ne6 Re8 21. Nxc7 Rxe2 22.
Nxa8 Rxe1+ 23. Rxe1 Bd7 24. h4 Qb8 25. h5 Nf8 26.
Re7 Qxa8 27. Bc2 Qd8 28. Re3 Ne6 29. Kg1 Qf8 30. a3 Qh6 31. Bf5 Nf8 32. Bxd7 Nxd7 33.
Re8+ Nf8 34. Rb8 Kg8 35. g3 Qxh5 36. Kg2 Qf5 37. Rxb7 Qe4 38. Rb8 Kg7 39. Rb7+ Kg6 40. Rb3 Ne6 41. Re3 Qg4 42. Nh2 Nf4+ 43. Kg1 Qd1+ 44.
Nf1 Ne2+ 45. Kg2 Nxd4 46. Re7 Nf5 47. Rxa7 Qc2 48. b4 Qe4+ 49. Kg1 Nd4 50. Nh2 Nf3+ 51. Nxf3 Qxf3 52. Ra4 Qd1+ 53. Kg2 Qxa4 0-1

[Event "*** Titled Tuesday Blitz"]
[Site "Chess.com"]
[Date "2021.04.06"]
[Round "2"]
[White "Rap_woyska"]
[Black "GelmanAlexander"]
[Result "0-1"]
[WhiteElo "2429"]
[BlackElo "2659"]
[TimeControl "180+1"]
[EndTime "10:19:15 PDT"]
[Termination "GelmanAlexander won on time"]

1. Nf3 c5 2. c4 Nf6 3. Nc3 e6 4. e3 d6 5. d4 Nbd7 6. d5 exd5 7.
cxd5 a6 8. a4 g6 9. Bd3 Bg7 10.
O-O O-O 11. h3 Re8 12. Re1 Rb8 13. e4 Nh5 14. a5 Ne5 15. Bf1 Nxf3+ 16. Qxf3 b5 17.
axb6 Rxb6 18. Ra2 f5 19. g4 fxg4 20. hxg4 Nf6 21. g5 Ng4 22. Bh3 Rf8 23. Qg3 Nxf2 24. Be6+ Kh8 25. Kg2 c4 26. Be3 Nd3 27. Rh1 Bxe6 28.
dxe6 Rxb2+ 29. Rxb2 Nxb2 30. Qh4 h5 31. Nd5 Re8 32. Qh3 Nd3 33. Rf1 Ne5 34. Nf6 Re7 35. Nxh5 gxh5 36. Qxh5+ Kg8 37. g6 Bh8 38. Rh1 Nxg6 39.
Bg5 Qa8 40. Bxe7 Qxe4+ 41. Kg1 Bd4+ 42. Kh2 Be5+ 43. Kg1 Qe3+ 44. Kg2 Nf4+ 45. Kf1 Nxh5 0-1

[Event "*** Titled Tuesday Blitz"]
[Site "Chess.com"]
[Date "2021.04.06"]
[Round "2"]
[White "German_Bazeev"]
[Black "Romadk"]
[Result "1-0"]
[WhiteElo "2797"]
[BlackElo "2349"]
[TimeControl "180+1"]
[EndTime "10:19:15 PDT"]
[Termination "German_Bazeev won by checkmate"]

1. d4 Nf6 2. Nf3 d5 3. c4 e6 4.
g3 dxc4 5. Bg2 Nc6 6. Qa4 Bd7 7. Qxc4 Bb4+ 8. Bd2 Nd5 9. O-O Nb6 10. Qc2 Bxd2 11. Nbxd2 Nb4 12. Qc5 N4d5 13. Ne5 Na4 14. Qa3 Qe7 15. Qxe7+ Kxe7 16. Nxd7 Kxd7 17. Rab1 c6 18.
Rfc1 f6 19. Ne4 f5 20. Ng5 Raf8 21. Nf3 Kd6 22. e3 Rf6 23. Rc2 Nab6 24. a3 Nd7 25. Nd2 e5 26. Nc4+ Ke6 27. Na5 Rb8 28. Nxb7 Rxb7 29. Rxc6+ Ke7 30. Bxd5 Rb5 31. Rxf6 Nxf6 32. Bc4 Ra5 33. dxe5 Rxe5 34. b4 Ne4 35. Bd3 Nd2 36.
Rc1 g5 37. Kg2 g4 38. Rc7+ Kd6 39. Rxa7 Nf3 40. Be2 Ne1+ 41. Kf1 Nc2 42. Ra6+ Ke7 43. Ra5 Re6 44. Rxf5 Nxa3 45. Bxg4 Rb6 46. Rf4 Nc2 47. Bf5 Nxb4 48. Bxh7 Nd5 49. Rh4 Kf6 50. Rh6+ Kg5 51.
Rxb6 Nxb6 52. Be4 Nd5 53. Bxd5 Kg4 54. Ke2 Kh3 55. Kd3 Kxh2 56. e4 Kg1 57. e5 Kf1 58.
f4 Kg1 59. g4 Kf1 60. g5 Kg1 61. f5 Kf2 62. f6 Kg1 63. e6 Kh2 64. g6 Kg1 65. f7 Kf2 66. e7 Kg1 67. Ba8 Kh2 68. Kd4 Kg1 69. Kd5 Kf2 70. Kc6 Kg1 71. Kb7 Kg2 72.
g7 Kg3 73. g8=Q+ Kf4 74. f8=Q+ Ke5 75. e8=Q+ Kd4 76. Qf4+ Kc3 77. Qee3+ Kb2 78. Qgb3+ Ka1 79. Qfd4# 1-0

[Event "*** Titled Tuesday Blitz"]
[Site "Chess.com"]
[Date "2021.04.06"]
[Round "2"]
[White "DFeco"]
[Black "enriquetejedor"]
[Result "1-0"]
[WhiteElo "2340"]
[BlackElo "2598"]
[TimeControl "180+1"]
[EndTime "10:19:15 PDT"]
[Termination "DFeco won by checkmate"]

1. c4 Nf6 2. g3 e6 3. Bg2 Be7 4. Nf3 O-O 5. O-O c5 6. d4 cxd4 7. Nxd4 Nc6 8. e4 a6 9. Nc3 d6 10. Nxc6 bxc6 11. e5 dxe5 12. Bxc6 Rb8 13. Qxd8 Rxd8 14.
b3 Bb4 15. Na4 Bd7 16. Bxd7 Rxd7 17. Bb2 e4 18. a3 Bd2 19. b4 e3 20. fxe3 Bxe3+ 21. Kh1 Bg5 22. Bxf6 Bxf6 23. Rad1 Rbd8 24. Rxd7 Rxd7 25.
c5 Rd3 26. Rc1 Rxa3 27. c6 Be5 28. c7 Bxc7 29. Rxc7 h5 30. Nc5 h4 31. gxh4 a5 32. b5 Ra1+ 33. Kg2 Rb1 34. Rb7 Kh7 35. b6 Rb5 36.
Nd7 Rb2+ 37. Kf3 Rb3+ 38. Ke2 a4 39. Ra7 a3 40. b7 Rb2+ 41. Ke3 Rb3+ 42. Kd2 Rb2+ 43. Kc3 Rxh2 44. b8=Q Rxh4 45. Ra8 Rh3+ 46. Kd2 Rh2+ 47. Ke3 Rh3+ 48. Kf2 Kg6 49. Qb1+ Kg5 50. Ra5+ f5 51. Qc1+ Kg6 52. Rxa3 Rxa3 53. Qxa3 Kg5 54. Qe7+ Kf4 55. Qh4# 1-0

[Event "*** Titled Tuesday Blitz"]
[Site "Chess.com"]
[Date "2021.04.06"]
[Round "2"]
[White "Sadykov_Ramil"]
[Black "attack2mateU"]
[Result "1-0"]
[WhiteElo "2500"]
[BlackElo "2706"]
[TimeControl "180+1"]
[EndTime "10:19:17 PDT"]
[Termination "Sadykov_Ramil won by resignation"]

1. e4 c5 2. Nf3 d6 3. Bc4 Nf6 4.
d3 Nc6 5. Bb3 g6 6. c3 Bg7 7. h3 O-O 8. O-O b5 9. Re1 a5 10. a4 b4 11. Bc4 d5 12. Bb5 Na7 13. e5 Ne8 14. c4 Nxb5 15. axb5 Bf5 16. Be3 d4 17. Bf4 Nc7 18. Qe2 Ne6 19. Bg3 g5 20. Nbd2 a4 21. Ne4 h6 22. h4 Bg4 23. hxg5 hxg5 24.
Qd2 f5 25. Nexg5 Nxg5 26. Qxg5 Bxf3 27. gxf3 e6 28. Bh4 Qxg5+ 29. Bxg5 Kf7 30. Kg2 Rg8 31. f4 Bh6 32. Kf3 Bxg5 33. fxg5 Rxg5 34. Ra2 Rh5 35. Rea1 Rh3+ 36. Ke2 Rg8 37. Rxa4 Rg2 38. Ra7+ Kg6 39. R1a6 Rgh2 40. Rxe6+ Kh5 41. Rg7 Re3+ 42. Kf1 Rf3 43. Re8 Rfxf2+ 44. Kg1 Kh6 45. Rh8+ Kxg7 46. Rxh2 Rf3 47. b6 Rxd3 48. b7 Rd1+ 49. Kg2 Rd2+ 50. Kg1 Rd1+ 51. Kf2 Rb1 52. b8=Q Rxb2+ 53. Kg3 Ra2 54.
Rxa2 Kg6 55. Qd6+ 1-0

[Event "*** Titled Tuesday Blitz"]
[Site "Chess.com"]
[Date "2021.04.06"]
[Round "2"]
[White "Aslanov_Umid"]
[Black "LenkaPtacnikova"]
[Result "0-1"]
[WhiteElo "2407"]
[BlackElo "2198"]
[TimeControl "180+1"]
[EndTime "10:19:17 PDT"]
[Termination "LenkaPtacnikova won by resignation"]

1. e4 c5 2. Nf3 e6 3. d4 cxd4 4.
Nxd4 Nf6 5. Nc3 Nc6 6. Ndb5 Bb4 7. a3 Bxc3+ 8. Nxc3 d5 9. exd5 exd5 10. Bd3 O-O 11.
O-O d4 12. Ne2 Bg4 13. h3 Bxe2 14. Bxe2 h6 15. Bf4 Nd5 16. Bg3 Re8 17. Qd3 Qf6 18. Bf3 Rad8 19. Rfe1 Nf4 20. Bxf4 Qxf4 21. Bxc6 bxc6 22.
Rad1 c5 23. Qb5 Rxe1+ 24. Rxe1 Qd2 25. Re2 Qd1+ 26. Kh2 d3 27. Re8+ Rxe8 28. Qxe8+ Kh7 29. Qe4+ Kg8 30. cxd3 Qd2 31. Qe3 Qc2 32. Kg3 a5 33. Qe8+ Kh7 34. Qe4+ g6 35. Qc4 Qxb2 36. Qxf7+ Kh8 37.
Qxg6 Qxa3 38. Qxh6+ Kg8 39. Qe6+ Kg7 40. Qd7+ Kg6 41. Kg4 Qb4+ 42. f4 a4 43. h4 a3 44. h5+ Kf6 45. h6 a2 46. h7 Qb8 47.
Qc6+ Kg7 48. Qd7+ Kh8 49. Qa4 Qb2 50. Qe8+ Kxh7 51. Qe7+ Qg7+ 0-1

[Event "*** Titled Tuesday Blitz"]
[Site "Chess.com"]
[Date "2021.04.06"]
[Round "2"]
[White "GameOverBro"]
[Black "AlexOstrovskiy"]
[Result "1/2-1/2"]
[WhiteElo "2521"]
[BlackElo "2744"]
[TimeControl "180+1"]
[EndTime "10:19:18 PDT"]
[Termination "Game drawn by repetition"]

1. e4 d5 2. exd5 Nf6 3. Nc3 Nxd5 4. Bc4 c6 5. Qf3 e6 6. Nge2 b5 7. Bb3 a5 8. a4 b4 9. Ne4 Nd7 10. d4 Be7 11. O-O O-O 12. Re1 Ba6 13. N2g3 Rc8 14. Bd2 c5 15. dxc5 Nxc5 16. Nxc5 Bxc5 17. Ne4 Bb6 18.
Rad1 Qc7 19. Bg5 Bb7 20. Qh5 f5 21. Ng3 Nf4 22. Bxf4 Qxf4 23. Bxe6+ Kh8 24. Rf1 g6 25. Bxc8 gxh5 26. Bxb7 h4 27. Ne2 Qe5 28. Bf3 Qxb2 29. Nf4 Qxc2 30. Ne6 Rg8 31. Rd6 Ba7 32. Rd7 Bb8 33.
h3 Qb3 34. Bd5 Qxa4 35. Nc5 Qc2 36. Bxg8 Qxc5 37. Be6 Qe5 38. Rd8+ Kg7 39. Rfd1 Qxe6 40. Rxb8 b3 41. Rbd8 a4 42. R8d7+ Kf6 43. R7d6 b2 44. Rxe6+ Kxe6 45. Kh2 a3 46. Rb1 f4 47. g3 hxg3+ 48.
fxg3 fxg3+ 49. Kxg3 a2 50. Rxb2 a1=Q 51. Rf2 Qe5+ 52. Kg2 Qc3 53. Rf3 Qc2+ 54. Kg3 Qg6+ 55. Kf2 Ke5 56. Re3+ Kd4 57. Rf3 Qh5 58. Kg3 Qg6+ 59.
Kf2 Ke4 60. Re3+ Kd4 61. Rf3 1/2-1/2

[Event "*** Titled Tuesday Blitz"]
[Site "Chess.com"]
[Date "2021.04.06"]
[Round "2"]
[White "MarkoPe"]
[Black "TigranMukhutdinov"]
[Result "0-1"]
[WhiteElo "2261"]
[BlackElo "2612"]
[TimeControl "180+1"]
[EndTime "10:19:18 PDT"]
[Termination "TigranMukhutdinov won by checkmate"]

1. e4 c5 2. Nf3 Nc6 3. d4 cxd4 4. Nxd4 e5 5. Nb5 d6 6. N1c3 a6 7. Na3 b5 8. Nd5 Nce7 9. Bg5 f6 10. Be3 Nxd5 11. Qxd5 Rb8 12. c3 Ne7 13. Qd2 Bb7 14. f3 d5 15. exd5 Nxd5 16. Nc2 Nxe3 17. Nxe3 Qxd2+ 18. Kxd2 Bc5 19. Bd3 O-O 20. Be4 Rfd8+ 21. Ke2 Bxe3 22.
Kxe3 b4 23. Bxb7 Rxb7 24. c4 Rd4 25. Rac1 Rbd7 26. Rc2 Kf7 27. c5 Ke7 28. c6 Rc7 29. Rhc1 Kd6 30. Rc5 Rd5 31. R5c4 a5 32. R1c2 f5 33.
a3 bxa3 34. bxa3 Rb5 35. a4 Rb4 36. Rxb4 axb4 37. Rc4 Rxc6 38. Rxb4 g5 39. h4 h6 40.
hxg5 hxg5 41. g4 Rc3+ 42. Ke2 f4 43. Rb6+ Kd5 44. Rg6 Ra3 45. Rxg5 Rxa4 46. Rg8 Ra2+ 47. Kf1 Kd4 48. Re8 Ke3 49. Rxe5+ Kxf3 50. Kg1 Rg2+ 51.
Kf1 Rxg4 52. Ra5 Rh4 53. Ra3+ Kg4 54. Kg2 Rh7 55. Rb3 Ra7 56. Rc3 Ra2+ 57. Kf1 Kf5 58. Rb3 Ke4 59. Rc3 Kf5 60. Rb3 Rc2 61. Rc3 Rxc3 62.
Kf2 Ke4 63. Ke2 Rc2+ 64. Kd1 Kd3 65. Ke1 f3 66. Kf1 f2 67. Kg2 Ke2 68. Kg3 f1=Q 69. Kh2 Kf3# 0-1

[Event "*** Titled Tuesday Blitz"]
[Site "Chess.com"]
[Date "2021.04.06"]
[Round "2"]
[White "2346PL"]
[Black "alexrustemov"]
[Result "1/2-1/2"]
[WhiteElo "2475"]
[BlackElo "2660"]
[TimeControl "180+1"]
[EndTime "10:19:19 PDT"]
[Termination "Game drawn by agreement"]

1. d4 g6 2. Nc3 Bg7 3. e4 d6 4.
Bg5 Nf6 5. e5 Nfd7 6. exd6 cxd6 7.
Qd2 Nf6 8. Nf3 Bg4 9. Be2 d5 10. h3 Bxf3 11. Bxf3 e6 12. O-O O-O 13. Nd1 Nc6 14. c3 Rc8 15. Ne3 Qd6 16. Ng4 Nxg4 17. hxg4 b5 18. a3 a5 19. Bf4 Qd7 20. g3 b4 21.
axb4 axb4 22. Kg2 bxc3 23. bxc3 f6 24. Bh6 Bxh6 25. Qxh6 Qg7 26. Qe3 Rfe8 27. g5 fxg5 28. Qxg5 Rf8 29. Bg4 Qf6 30. Qe3 Rfe8 31. f4 Kg7 32.
Rfe1 Rc7 33. Bf3 Ree7 34. Ra8 Na7 35. Rh1 h5 36. g4 Rf7 37. gxh5 gxh5 38. Rxh5 Qxf4 39.
Rg5+ Kh6 40. Qxf4 Rxf4 41. Rg3 Rff7 42. Rag8 Rg7 43. Rh8+ Rh7 44. Rh3+ Kg6 45. R3xh7 Rxh7 46. Rxh7 Kxh7 47. Kg3 Kg6 48. Kf4 Kf6 49. Be2 Nc8 50. c4 Ne7 51. cxd5 exd5 52. Bf3 Ke6 53. Bxd5+ Nxd5+ 54. Ke4 1/2-1/2

[Event "*** Titled Tuesday Blitz"]
[Site "Chess.com"]
[Date "2021.04.06"]
[Round "2"]
[White "FGHSMN"]
[Black "Mamedyarov_twitch"]
[Result "0-1"]
[WhiteElo "2576"]
[BlackElo "3002"]
[TimeControl "180+1"]
[EndTime "10:19:20 PDT"]
[Termination "Mamedyarov_twitch won by resignation"]

1. e4 c5 2. Nf3 e6 3. d4 cxd4 4. Nxd4 Nf6 5. Nc3 Nc6 6. Be3 Bb4 7. f3 O-O 8. Be2 d5 9. O-O Bxc3 10. bxc3 dxe4 11.
Nxc6 bxc6 12. Bd4 Qe7 13. fxe4 e5 14. Be3 Nxe4 15. Qd3 Nf6 16. Bg5 Qc5+ 17. Be3 Qd5 18. c4 Qxd3 19. cxd3 Bg4 20. Rxf6 Bxe2 21. Rxc6 Bxd3 22.
Rd1 e4 23. c5 Rfc8 24. Rxc8+ Rxc8 25. Rc1 Rc6 26. Rc3 h6 27. Ra3 a6 28. Rb3 Bb5 29. Rb4 Rf6 30. h3 Rf1+ 31. Kh2 Re1 32. Rxe4 Re2 33.
Re5 Bc6 34. Kg3 f6 35. Re6 Bd5 36. Rd6 Rxg2+ 37. Kf4 Bxa2 38. Rxa6 Rc2 39. Ke4 Bf7 40. Kd4 h5 41. Ra8+ Kh7 42. Ra7 Kg6 43. Kd3 Rh2 44. c6 Be6 45. c7 Bf5+ 46. Kd4 Rxh3 47. Ra5 Rh4+ 48. Kc5 Rh2 49. Kd6 Rc2 50. Bc5 Rd2+ 51. Kc6 h4 52. Ra8 Kh7 53. Rg8 Kxg8 0-1

[Event "*** Titled Tuesday Blitz"]
[Site "Chess.com"]
[Date "2021.04.06"]
[Round "2"]
[White "Magila31"]
[Black "DaroZin"]
[Result "0-1"]
[WhiteElo "2314"]
[BlackElo "2590"]
[TimeControl "180+1"]
[EndTime "10:19:20 PDT"]
[Termination "DaroZin won on time"]

1. d4 Nf6 2. c4 g6 3. Nc3 Bg7 4. e4 d6 5. Be2 O-O 6. Nf3 e5 7. O-O Nc6 8. d5 Ne7 9. b4 Nd7 10. Be3 h6 11. Nd2 f5 12. f3 f4 13. Bf2 g5 14. c5 Nf6 15. Nc4 Ng6 16. cxd6 cxd6 17. Nb5 Ne8 18. Nxa7 Bd7 19. a4 h5 20. Nb6 Nf6 21.
Nxa8 Qxa8 22. Nb5 Ne8 23. Rc1 Qd8 24. a5 g4 25. fxg4 hxg4 26. Bxg4 Bxb5 27. Be6+ Kh7 28. Qh5+ Bh6 29. Rc8 Qf6 30. Rfc1 Ng7 31. Qh3 f3 32.
Rxf8 Nxf8 33. Rc8 Nfxe6 34. dxe6 Nxe6 35. Be3 Ng5 36. Rc7+ Kg6 37. Qf5+ Qxf5 38. exf5+ Kxf5 39. Bxg5 Bxg5 40. gxf3 Ba6 41. b5 Bxb5 42. Rxb7 Bc6 43. Rb3 Bd5 44. Ra3 Bd8 45. Kf2 Bc6 46. Kg3 d5 47. a6 d4 48. a7 Ba8 49. Rb3 Bg5 50.
Rb8 Bf4+ 51. Kg2 Bd5 0-1